 Dungeon Crawl Stone Soup version 0.32-a0-913-g739538afd8 (webtiles) character file.

Game seed: 9372643660736984548

729 sleeves the Magician (level 7, -5/51 HPs)
             Began as a Gnoll Hedge Wizard on Apr 8, 2024.
             Killed from afar by an orc wizard (6 damage)
             ... with a magic dart
             ... on level 5 of the Dungeon.
             The game lasted 00:10:39 (4970 turns).

sleeves the Magician (Gnoll Hedge Wizard)           Turns: 4970, Time: 00:10:40

Health: -5/51      AC:  4    Str: 14    XL:     7   Next: 73%
Magic:  18/18      EV: 12    Int: 15    God:
Gold:   224        SH:  0    Dex: 12    Spells: 20/21 levels left

rFire   . . .        u - +8 trident of the Octopus King {venom, rElec rPois}
rCold   . . .        (no shield)
rNeg    + . .        b - +0 robe
rPois   +            c - +0 hat
rElec   +            (no cloak)
rCorr   .            n - +1 pair of gloves "Pynes" {^Drain rN+ Str+5}
SInv    .            p - +0 pair of boots
Will    .....        (no amulet)
Stlth   +++          (no ring)
HPRegen 0.28/turn    (no ring)
MPRegen 0.16/turn

%: no passive effects
@: mighty
A: fangs 1, strong nose, distributed training, hooves 1, deformed body
a: no special abilities


You were on level 5 of the Dungeon.
You visited 1 branch of the dungeon, and saw 5 of its levels.

You collected 224 gold pieces.

Inventory:

Hand Weapons
 t - a +3 short sword
   (You took it off an orc priest on level 4 of the Dungeon)
 u - the +8 trident of the Octopus King (weapon) {venom, rElec rPois}
   (You found it on level 4 of the Dungeon)

   rElec:     It insulates you from electricity.
   rPois:     It protects you from poison.
Missiles
 h - a throwing net
 s - 6 curare-tipped darts
Armour
 b - a +0 robe (worn)
 c - a +0 hat (worn)
 n - the +1 pair of gloves "Pynes" (worn) {^Drain rN+ Str+5}
   (You found it on level 3 of the Dungeon)

   Str+5:     It affects your strength (+5).
   rN+:       It protects you from negative energy.
   ^Drain:    It drains your maximum health when unequipped.
 p - a +0 pair of boots (worn)
   (You found it on level 3 of the Dungeon)
Wands
 l - a wand of polymorph (4)
   (You found it on level 3 of the Dungeon)
Scrolls
 a - a scroll of enchant weapon {unknown}
 e - 4 scrolls of identify {unknown}
 g - a scroll of poison {unknown}
 i - 4 scrolls of enchant armour {unknown}
 o - a scroll of amnesia {unknown}
Potions
 d - 2 potions of magic
 f - a potion of mutation
 j - a potion of heal wounds {unknown}
 k - 2 potions of haste {unknown}
 m - 4 potions of might
 q - 2 potions of curing {unknown}
 r - a potion of lignification {unknown}


   Skills:
 + Level 2.8 Fighting
 + Level 2.8 Short Blades
 + Level 2.8 Long Blades
 + Level 2.8 Axes
 + Level 2.8 Maces & Flails
 + Level 2.8 Polearms
 + Level 2.8 Staves
 + Level 2.8 Ranged Weapons
 + Level 2.8 Throwing
 + Level 2.8 Armour
 + Level 5.4 Dodging
 + Level 5.1 Stealth
 + Level 2.8 Shields
 + Level 2.8 Unarmed Combat
 + Level 7.7 Spellcasting
 + Level 3.1 Conjurations
 + Level 2.2 Hexes
 + Level 3.1 Summonings
 + Level 2.2 Necromancy
 + Level 3.1 Translocations
 + Level 2.2 Fire Magic
 + Level 2.2 Ice Magic
 + Level 2.2 Air Magic
 + Level 2.2 Earth Magic
 + Level 2.2 Alchemy
 + Level 3.1 Invocations
 + Level 2.8 Evocations
 + Level 2.5 Shapeshifting


You had 20 spell levels left.
You knew the following spells:

 Your Spells              Type           Power      Damage    Failure   Level
a - Magic Dart            Conj           60%        1d6       3%          1

Your spell library contained the following spells:

 Spells                   Type           Power      Damage    Failure   Level
 Slow                     Hex            48%        N/A       4%          1
 Blink                    Tloc           30%        N/A       4%          2
 Call Imp                 Summ           30%        N/A       4%          2
 Cigotuvi's Dreadful Rot  Necr/Alch/Air  24%        N/A       8%          2
 Mephitic Cloud           Conj/Alch/Air  13%        N/A       13%         3
 Animate Armour           Summ/Erth      26%        N/A       38%         4
 Summon Lightning Spire   Summ/Air       13%        N/A       38%         4
 Lee's Rapid Deconstruct  Erth           6%         3d6*      80%         5


Dungeon Overview and Level Annotations

Branches:
Dungeon (5/15)
 Temple: D:4-7

Altars:
Vehumet
The Shining One


Innate Abilities, Weirdness & Mutations

You have very sharp teeth.
Your uncanny sense of smell can sniff out nearby items.
Your experience applies equally to all skills.
You have large cloven feet.
Armour fits poorly on your strangely shaped body.


Message History

Found 5 stones.
q - a clear potion You open the door.
There is an open door here.
You now have 175 gold pieces (gained 4).
There is a stone staircase leading up here.
Key pressed, stopping explore.
A giant cockroach comes into view.
The magic dart hits the giant cockroach but does no damage.
The magic dart hits the giant cockroach.
The giant cockroach is moderately wounded.
The magic dart hits the giant cockroach but does no damage.
The giant cockroach is moderately wounded.
The magic dart hits the giant cockroach but does no damage.
The giant cockroach is moderately wounded.
The magic dart hits the giant cockroach.
The giant cockroach is severely wounded.
The giant cockroach closely misses you.
The magic dart hits the giant cockroach but does no damage.
The giant cockroach is severely wounded.
The giant cockroach closely misses you. The giant cockroach bites you.
The magic dart hits the giant cockroach.
You kill the giant cockroach!
You can't see any susceptible monsters within range! (Use Z to cast anyway.)
There is an open door here.
You open the door.
Found a sling.
There is an open door here.
r - a fuming grey potion You see here a +0 sling.
A bat comes into view.
A bat is nearby!
The magic dart hits the bat.
You kill the bat!
You can't see any susceptible monsters within range! (Use Z to cast anyway.)
You see here a +0 sling.
There is an open door here.
You open the door.
A dart slug and a ribbon worm come into view.
There are monsters nearby!
There are monsters nearby!
There are monsters nearby!
There are monsters nearby!
There are monsters nearby!
There are monsters nearby!
There are monsters nearby!
The magic dart hits the dart slug.
The dart slug is heavily wounded.
The magic dart hits the dart slug.
The dart slug is heavily wounded.
The magic dart hits the dart slug.
The dart slug is severely wounded.
The dart slug launches a dart at you. The slug dart misses you.
The magic dart hits the dart slug.
The dart slug is almost dead.
The dart slug closely misses you.
The magic dart hits the dart slug.
You kill the dart slug!
The ribbon worm expels a string of sticky webbing.
The stream of webbing hits you but does no damage.
You are caught in a web!
The magic dart hits the ribbon worm.
The ribbon worm is lightly wounded.
The magic dart hits the ribbon worm.
The ribbon worm is moderately wounded.
The magic dart hits the ribbon worm.
The ribbon worm is heavily wounded.
The magic dart hits the ribbon worm.
The ribbon worm is heavily wounded.
The ribbon worm expels a string of sticky webbing.
The stream of webbing hits you but does no damage.
You are even more entangled.
The magic dart hits the ribbon worm.
The ribbon worm is severely wounded.
The magic dart hits the ribbon worm.
The ribbon worm is almost dead.
The magic dart hits the ribbon worm.
The ribbon worm is almost dead.
* * * LOW MAGIC WARNING * * *
The magic dart hits the ribbon worm.
You kill the ribbon worm!
* * * LOW MAGIC WARNING * * *
The web tears apart.
Done exploring.
Done exploring.
Done exploring.
There is an open door here.
You see here a rat skeleton.
There is a stone staircase leading down here.
You climb downwards.
Found 6 curare-tipped darts.
There is a stone staircase leading up here.
An endoplasm is nearby!
The helpless endoplasm fails to defend itself.
You impale the endoplasm!!
You kill the endoplasm!
Found a stone staircase leading down.
An orc comes into view. It is wielding a +0 hand axe.
There are no items here.
The magic dart hits the orc.
The orc is moderately wounded.
The orc shouts!
An orc wizard comes into view. It is wielding a +0 dagger.
The magic dart hits the orc.
The orc is almost dead.
The orc wizard shouts!
The orc wizard gestures wildly while chanting.
The orc wizard flickers and vanishes!
Deactivating autopickup; reactivate with Ctrl-A.
You hear a shout!
The magic dart hits the orc.
You kill the orc!
A puff of flame appears from out of thin air!
The puff of flame hits you!
Something tries to affect you, but you resist.
There is a stone staircase leading up here.
You climb upwards.
Reactivating autopickup.
There is a stone staircase leading down here.
You start resting.
Magic restored.
You start resting.
HP restored.
You climb downwards.
There is a stone staircase leading up here.
The magic dart hits the orc wizard.
The orc wizard is lightly wounded.
The orc wizard gestures at you while chanting.
You are confused.
You're too confused to cast spells.
You climb upwards.
There is a stone staircase leading down here.
You start resting.
You feel less confused.
You climb downwards.
There is a stone staircase leading up here.
The magic dart hits the orc wizard.
The orc wizard is moderately wounded.
The orc wizard barely misses you.
You miscast Magic Dart.
You are very lightly contaminated with residual magic.
Nothing appears to happen.
The orc wizard closely misses you.
The magic dart hits the orc wizard.
The orc wizard is severely wounded.
The orc wizard gestures at you while chanting.
You are confused.
You're too confused to cast spells.
The orc wizard hits you but does no damage.
You hit the orc wizard.
The orc wizard is severely wounded.
The orc wizard hits you but does no damage.
You hit the orc wizard but do no damage.
The orc wizard is severely wounded.
The orc wizard hits you but does no damage.
The orc wizard misses you.
There is a stone staircase leading up here.
Your magical contamination has completely faded away.
The orc wizard mumbles some strange words.
The orc wizard flickers and vanishes!
Deactivating autopickup; reactivate with Ctrl-A.
Something hits you.
You feel less confused. Something hits you but does no damage.
There is a stone staircase leading up here.
Casting: Magic Dart (safe; 4% risk of failure)
Confirm with . or Enter, or press ? or * to list all spells.
You can't see any susceptible monsters within range! (Use Z to cast anyway.)
Casting: Magic Dart (safe; 4% risk of failure)
Confirm with . or Enter, or press ? or * to list all spells.
Aiming: Magic Dart (safe; 4% risk of failure)
Press: ? - help, Shift-Dir - straight line The magic dart hits something.
Reactivating autopickup.
You feel a bit more experienced.
You have reached level 5!
A quokka comes into view.
An adder comes into view.
There are monsters nearby!
The magic dart hits the adder.
The adder is lightly wounded.
The magic dart hits the adder but does no damage.
The adder is lightly wounded.
The magic dart hits the adder.
The adder is heavily wounded.
The magic dart hits the adder.
The adder is severely wounded.
The magic dart hits the adder.
The adder is almost dead.
The adder bites you but does no damage.
The magic dart hits the adder.
The adder is almost dead.
The quokka closely misses you. The adder closely misses you.
The quokka closely misses you.
The magic dart hits the adder.
You kill the adder!
The quokka completely misses you.
The magic dart hits the quokka.
The quokka is lightly wounded.
The quokka closely misses you.
The magic dart hits the quokka.
The quokka is heavily wounded.
The quokka bites you.
You miscast Magic Dart.
You are very lightly contaminated with residual magic.
Nothing appears to happen.
* * * LOW MAGIC WARNING * * *
The quokka barely misses you.
The magic dart hits the quokka but does no damage.
The quokka is heavily wounded.
* * * LOW MAGIC WARNING * * *
The quokka barely misses you. The quokka bites you.
The magic dart hits the quokka.
The quokka is almost dead.
* * * LOW MAGIC WARNING * * *
The quokka barely misses you.
The magic dart hits the quokka.
You kill the quokka!
* * * LOW MAGIC WARNING * * *
You are out of magic!
Your magical contamination has completely faded away.
HP restored.
Magic restored.
You now have 184 gold pieces (gained 9).
You see here 6 curare-tipped darts.
You now have 194 gold pieces (gained 10).
You see here a +0 hand axe.
A ball python comes into view.
A ball python is nearby!
A ball python is nearby!
You see here 6 curare-tipped darts.
s - 6 curare-tipped darts A ball python is nearby!
A ball python is nearby!
The magic dart hits the ball python.
You kill the ball python!
You can't see any susceptible monsters within range! (Use Z to cast anyway.)
An orc priest comes into view. It is wielding a +3 short sword.
An orc priest is nearby!
An orc priest is nearby!
The magic dart hits the orc priest.
The orc priest is moderately wounded.
The orc priest shouts!
The magic dart hits the orc priest but does no damage.
The orc priest is moderately wounded.
The magic dart hits the orc priest.
The orc priest is heavily wounded.
The magic dart hits the orc priest.
The orc priest is severely wounded.
The magic dart hits the orc priest.
You kill the orc priest!
A black bear comes into view.
Throw: 6 darts (curare)
Press: ? - help, Q - select action, (/) - cycle Shift-Dir - straight line, f - black bear
Aim: a black bear (wandering, hasn't noticed you, 61% to hit)
You throw a curare-tipped dart.
The curare-tipped dart hits the black bear.
The black bear is poisoned.
The black bear struggles to breathe.
The black bear seems to slow down.
The black bear growls angrily.
The black bear is moderately wounded.
The magic dart hits the black bear.
The black bear is heavily wounded.
The magic dart hits the black bear.
The black bear is heavily wounded.
The magic dart hits the black bear.
The black bear is severely wounded.
The magic dart hits the black bear.
The black bear is almost dead.
The magic dart hits the black bear.
The black bear is almost dead.
You kill the black bear!
Your Invocations skill increases to level 2!
You have reached level 6!
Found an escape hatch in the floor.
You see here a +3 short sword.
t - a +3 short sword
t - a +3 short sword (weapon)
You drop a +0 dagger.
You drop a +3 dagger.
You start putting on your armour.
You continue putting on your +0 pair of boots. x4
You finish putting on your +0 pair of boots.
i - 3 scrolls labelled MIKKUU BUNE (gained 1)
s - 6 curare-tipped darts (gained 1)
a - a scroll labelled OFITANKUKHLI You now have 208 gold pieces (gained 14).
An ogre comes into view. It is wielding a +0 giant spiked club.
An ogre is nearby!
The magic dart hits the ogre.
The ogre is lightly wounded.
The ogre shouts!
Aiming: Polymorph
Press: ? - help, Shift-Dir - straight line, f/p - ogre
Aim: an ogre, wielding a +0 giant spiked club (lightly wounded, will become a bullfrog, a sky beast, or a rime drake, chance to affect: 53%)
Okay, then.
Unknown command.
Unknown command.
Throw: 6 darts (curare)
Press: ? - help, Q - select action, (/) - cycle Shift-Dir - straight line, f/p - ogre
Aim: an ogre, wielding a +0 giant spiked club (lightly wounded, 70% to hit)
You throw a curare-tipped dart. The curare-tipped dart hits the ogre.
The ogre is poisoned.
The ogre struggles to breathe.
The ogre seems to slow down.
The ogre is heavily wounded.
The magic dart hits the ogre.
The ogre is heavily wounded.
The magic dart hits the ogre.
The ogre is heavily wounded.
The magic dart hits the ogre.
The ogre is severely wounded.
The magic dart hits the ogre.
The ogre is severely wounded.
The magic dart hits the ogre but does no damage.
The ogre is severely wounded.
The magic dart hits the ogre.
The ogre is almost dead.
The magic dart hits the ogre.
You kill the ogre!
Your Fighting skill increases to level 2!
Your Short Blades skill increases to level 2!
Your Long Blades skill increases to level 2!
Your Axes skill increases to level 2!
Your Maces & Flails skill increases to level 2!
Your Polearms skill increases to level 2!
Your Staves skill increases to level 2!
Your Ranged Weapons skill increases to level 2!
Your Throwing skill increases to level 2!
Your Armour skill increases to level 2!
Your Dodging skill increases to level 5!
Your Shields skill increases to level 2!
Your Unarmed Combat skill increases to level 2!
Your Evocations skill increases to level 2!
A phantom comes into view.
A phantom is nearby!
A phantom is nearby!
A phantom is nearby!
The magic dart hits the phantom.
The phantom is lightly damaged.
The magic dart hits the phantom.
The phantom is lightly damaged.
The phantom hits you but does no damage.
The magic dart hits the phantom.
The phantom is moderately damaged.
The phantom barely misses you.
The magic dart hits the phantom.
The phantom is moderately damaged.
The phantom hits you.
The magic dart hits the phantom.
The phantom is heavily damaged.
The phantom hits you.
The phantom blinks!
You blink.
The magic dart hits the phantom but does no damage.
The phantom is heavily damaged.
The phantom hits you.
The magic dart hits the phantom.
The phantom is severely damaged.
The phantom barely misses you.
The magic dart hits the phantom.
The phantom is severely damaged.
The phantom hits you.
The phantom blinks!
You blink.
A goblin skeleton comes into view.
The magic dart hits the phantom.
The phantom is severely damaged.
The phantom closely misses you.
The magic dart hits the phantom but does no damage.
The phantom is severely damaged.
The phantom hits you.
The phantom blinks!
You blink.
Found a whip.
You are too injured to fight recklessly!
You are too injured to fight recklessly!
You are too injured to fight recklessly!
You are too injured to fight recklessly!
You are too injured to fight recklessly!
Casting: Magic Dart (safe; 4% risk of failure)
Confirm with . or Enter, or press ? or * to list all spells.
Aiming: Magic Dart (safe; 4% risk of failure)
Press: ? - help, Shift-Dir - straight line, f/p - phantom
Aim: a phantom (severely damaged, 100% to hit)
The magic dart hits the phantom.
The phantom is almost destroyed.
The phantom closely misses you.
Casting: Magic Dart (safe; 4% risk of failure)
Confirm with . or Enter, or press ? or * to list all spells.
Aiming: Magic Dart (safe; 4% risk of failure)
Press: ? - help, Shift-Dir - straight line, f/p - phantom
Aim: a phantom (almost destroyed, 100% to hit)
The magic dart hits the phantom but does no damage.
The phantom is almost destroyed.
A scorpion comes into view.
The phantom misses you.
Casting: Magic Dart (safe; 4% risk of failure)
Confirm with . or Enter, or press ? or * to list all spells.
Aiming: Magic Dart (safe; 4% risk of failure)
Press: ? - help, Shift-Dir - straight line, f/p - phantom
Aim: a phantom (almost destroyed, 100% to hit)
The magic dart hits the phantom.
The phantom is almost destroyed.
The phantom barely misses you.
Casting: Magic Dart (safe; 4% risk of failure)
Confirm with . or Enter, or press ? or * to list all spells.
Aiming: Magic Dart (safe; 4% risk of failure)
Press: ? - help, Shift-Dir - straight line, f/p - phantom
Aim: a phantom (almost destroyed, 100% to hit)
The magic dart hits the phantom.
You destroy the phantom!
* * * LOW MAGIC WARNING * * *
Your Shapeshifting skill increases to level 2!
Casting: Magic Dart (safe; 4% risk of failure)
Confirm with . or Enter, or press ? or * to list all spells.
Aiming: Magic Dart (safe; 4% risk of failure)
Press: ? - help, Shift-Dir - straight line, f - scorpion
Aim: a scorpion (100% to hit)
The magic dart hits the scorpion.
The scorpion is lightly wounded.
* * * LOW MAGIC WARNING * * *
Casting: Magic Dart (safe; 4% risk of failure)
Confirm with . or Enter, or press ? or * to list all spells.
Aiming: Magic Dart (safe; 4% risk of failure)
Press: ? - help, Shift-Dir - straight line, f/p - scorpion
Aim: a scorpion (lightly wounded, 100% to hit)
You miscast Magic Dart.
You are very lightly contaminated with residual magic.
Nothing appears to happen.
* * * LOW MAGIC WARNING * * *
Aiming: Polymorph
Press: ? - help, Shift-Dir - straight line, f/p - scorpion
Aim: a scorpion (lightly wounded, will become a steam dragon, a golden eye, or a swamp drake, chance to affect: 54%)
Okay, then.
Unknown command.
You throw a curare-tipped dart.
The curare-tipped dart barely misses the scorpion.
The scorpion misses you.
You throw a curare-tipped dart.
The curare-tipped dart barely misses the scorpion.
The scorpion stings you.
You are poisoned.
The scorpion poisons you!
You are too injured to fight recklessly!
Throw: 3 darts (curare)
Press: ? - help, Q - select action, (/) - cycle Shift-Dir - straight line, f/p - scorpion
Aim: a scorpion (lightly wounded, 56% to hit)
You throw a curare-tipped dart.
The curare-tipped dart hits the scorpion.
The scorpion is poisoned.
The scorpion struggles to breathe.
The scorpion seems to slow down.
The scorpion is severely wounded.
You feel very sick. The scorpion barely misses you.
You feel very sick.
You kill the scorpion!
You have reached level 7!
You feel sick.
s - 3 curare-tipped darts (gained 1)
You feel sick.
You feel sick.
Your magical contamination has completely faded away.
You feel sick.
A goblin skeleton is nearby!
You feel sick.
You feel sick.
You feel sick.
You feel sick.
You are no longer poisoned.
A goblin skeleton is nearby!
There is a stone staircase leading up here.
You climb upwards.
There is a stone staircase leading down here.
You start resting.
Magic restored.
You start resting.
HP restored.
You climb downwards.
The goblin skeleton hits you.
There is a stone staircase leading up here.
The magic dart hits the goblin skeleton.
The goblin skeleton is lightly damaged.
The goblin skeleton hits you but does no damage.
The magic dart hits the goblin skeleton.
The goblin skeleton is moderately damaged.
The goblin skeleton barely misses you.
The magic dart hits the goblin skeleton.
The goblin skeleton is heavily damaged.
The goblin skeleton hits you but does no damage.
The magic dart hits the goblin skeleton.
The goblin skeleton is severely damaged.
The goblin skeleton misses you.
The magic dart hits the goblin skeleton.
You destroy the goblin skeleton!
You can't see any susceptible monsters within range! (Use Z to cast anyway.)
You can't see any susceptible monsters within range! (Use Z to cast anyway.)
You can't see any susceptible monsters within range! (Use Z to cast anyway.) Magic restored.
A dart slug comes into view.
A dart slug is nearby!
A dart slug is nearby!
The magic dart hits the dart slug.
The dart slug is lightly wounded.
The dart slug launches a dart at you. The slug dart misses you.
The magic dart hits the dart slug.
The dart slug is moderately wounded.
The magic dart hits the dart slug.
The dart slug is severely wounded.
The magic dart hits the dart slug.
You kill the dart slug!
You now have 215 gold pieces (gained 7).
An orc and an orc wizard come into view.
There are monsters nearby!
There are monsters nearby!
The magic dart hits the orc wizard but does no damage.
The orc shouts!
You miscast Magic Dart.
You are very lightly contaminated with residual magic.
Nothing appears to happen.
An orc comes into view. It is wielding a +0 short sword.
The magic dart hits the orc wizard.
The orc wizard is lightly wounded.
The orc shouts!
An orc comes into view. It is wielding a +0 trident.
The magic dart hits the orc wizard.
The orc wizard is lightly wounded.
The orc wizard points at you and mumbles some strange words.
The magic dart hits you.
You hit the orc wizard.
The orc wizard is heavily wounded.
You hit the orc wizard.
The orc wizard is severely wounded.
The orc wizard gestures wildly while chanting.
The orc wizard flickers and vanishes!
Deactivating autopickup; reactivate with Ctrl-A.
An orc comes into view. It is wielding a +0 club.
You hit the orc.
The orc is heavily wounded.
Something hits you but does no damage. The orc closely misses you.
You barely miss the orc. You bite the orc.
The orc is severely wounded.
You closely miss the orc. You bite the orc.
You kill the orc!
Something hits you.
The orc hits you from afar with a +0 trident.
Your magical contamination has completely faded away.
Something completely misses you. The orc barely misses you.
Things that are here:
a +0 short sword; an orc corpse You hit the orc.
The orc is severely wounded.
The orc barely misses you. Something hits you.
You puncture the orc!
You kill the orc!
Something hits you but does no damage.
You closely miss the orc. Something hits you. The orc closely misses you.
You closely miss something. Something hits you but does no damage.
The orc closely misses you.
You miss something. Your bite misses something.
The orc hits you with a +0 short sword. Something hits you.
You miss something. Your bite misses something. Something hits you.
The orc misses you.
You closely miss something. The orc hits you with a +0 short sword.
Something hits you but does no damage.
You hit something but do no damage. You hit something.
Something hits you but does no damage. The orc misses you.
Casting: Magic Dart (safe; 3% risk of failure)
Confirm with . or Enter, or press ? or * to list all spells.
Aiming: Magic Dart (safe; 3% risk of failure)
Press: ? - help, Shift-Dir - straight line The magic dart hits something.
Reactivating autopickup.
You feel a bit more experienced. The orc hits you with a +0 short sword.
* * * LOW HITPOINT WARNING * * *
Your Hexes skill increases to level 2!
Your Necromancy skill increases to level 2!
Your Fire Magic skill increases to level 2!
Your Ice Magic skill increases to level 2!
Your Air Magic skill increases to level 2!
Your Earth Magic skill increases to level 2!
Your Alchemy skill increases to level 2!
Casting: Magic Dart (safe; 3% risk of failure)
Confirm with . or Enter, or press ? or * to list all spells.
Okay, then.
You closely miss the orc. The orc hits you with a +0 short sword.
* * * LOW HITPOINT WARNING * * *
You hit the orc.
You kill the orc!
You hit the orc but do no damage. The orc hits you with a +0 club.
* * * LOW HITPOINT WARNING * * *
You hit the orc.
You kill the orc!
Items here: ))) †.
HP restored.
Things that are here:
a +0 short sword; an orc corpse
Things that are here:
a +0 short sword; an orc corpse
Items here: ))) †.
Found a stone staircase leading up.
There is a stone staircase leading up here.
Found a stone staircase leading down.
There is a stone staircase leading down here.
i - 4 scrolls labelled MIKKUU BUNE (gained 1)
Found a stone staircase leading up.
There is a stone staircase leading up here.
Found a stone staircase leading down.
There is a stone staircase leading down here.
An endoplasm comes into view.
An endoplasm is nearby!
The magic dart hits the endoplasm.
The endoplasm is almost dead.
The endoplasm quivers.
The magic dart hits the endoplasm.
You kill the endoplasm!
An iguana comes into view.
An iguana is nearby!
The magic dart hits the iguana but does no damage.
The magic dart hits the iguana but does no damage.
You barely miss the iguana. You bite the iguana, but do no damage.
The iguana bites you!
You barely miss the iguana. You bite the iguana, but do no damage.
The iguana barely misses you.
Casting: Magic Dart (safe; 3% risk of failure)
Confirm with . or Enter, or press ? or * to list all spells.
Aiming: Magic Dart (safe; 3% risk of failure)
Press: ? - help, Shift-Dir - straight line, f/p - iguana
Aim: an iguana (100% to hit)
The magic dart hits the iguana but does no damage.
The iguana completely misses you.
Throw: 3 darts (curare)
Press: ? - help, Q - select action, (/) - cycle Shift-Dir - straight line, f/p - iguana
Aim: an iguana (60% to hit)
You throw a curare-tipped dart.
The curare-tipped dart closely misses the iguana.
Throw: 2 darts (curare)
Press: ? - help, Q - select action, (/) - cycle Shift-Dir - straight line, f/p - iguana
Aim: an iguana (60% to hit)
You throw a curare-tipped dart. The curare-tipped dart hits the iguana.
The iguana is poisoned.
The iguana struggles to breathe.
The iguana seems to slow down.
The iguana is heavily wounded.
The iguana closely misses you.
The magic dart hits the iguana but does no damage.
The iguana is heavily wounded.
The iguana closely misses you.
The magic dart hits the iguana but does no damage.
The iguana is severely wounded.
The magic dart hits the iguana but does no damage.
The iguana is severely wounded.
The iguana closely misses you.
The magic dart hits the iguana but does no damage.
The iguana is severely wounded.
The iguana bites you!
The magic dart hits the iguana but does no damage.
The iguana is almost dead.
The magic dart hits the iguana but does no damage.
The iguana is almost dead.
The iguana bites you but does no damage.
The magic dart hits the iguana but does no damage.
The iguana is almost dead.
The iguana bites you.
You are too injured to fight recklessly!
You are too injured to fight recklessly!
Casting: Magic Dart (safe; 3% risk of failure)
Confirm with . or Enter, or press ? or * to list all spells.
Aiming: Magic Dart (safe; 3% risk of failure)
Press: ? - help, Shift-Dir - straight line, f/p - iguana
Aim: an iguana (almost dead, poisoned, slow, 100% to hit)
The magic dart hits the iguana.
You kill the iguana!
Your Conjurations skill increases to level 3!
Your Summonings skill increases to level 3!
Your Translocations skill increases to level 3!
s - 3 curare-tipped darts (gained 2)
A giant cockroach comes into view.
A giant cockroach is nearby!
A giant cockroach is nearby!
A giant cockroach is nearby!
The magic dart hits the giant cockroach.
The giant cockroach is severely wounded.
You can't see any susceptible monsters within range! (Use Z to cast anyway.)
A giant cockroach is nearby!
The magic dart hits the giant cockroach.
You kill the giant cockroach!
A quokka comes into view.
A quokka is nearby!
The magic dart hits the quokka.
The quokka is severely wounded.
The magic dart hits the quokka.
You kill the quokka!
Found a trident.
o - a scroll labelled BUF HESOTHEP You see here a +0 trident.
Found an escape hatch in the ceiling.
s - 4 curare-tipped darts (gained 1)
Found a tower shield.
You see here the +8 trident of the Octopus King {venom, rElec rPois}.
u - the +8 trident of the Octopus King {venom, rElec rPois} The +8 trident of the Octopus King {venom, rElec rPois} begins to drip with poison!
u - the +8 trident of the Octopus King (weapon)
{venom, rElec rPois}
s - 6 curare-tipped darts (gained 2)
A kobold zombie comes into view.
A kobold skeleton comes into view.
There are monsters nearby!
There are monsters nearby!
An orc zombie comes into view.
Found a trident and a clear potion.
A goblin zombie and a goblin skeleton come into view.
The goblin skeleton moves out of view.
A kobold skeleton comes into view.
You reach to attack!
You closely miss the kobold zombie. You puncture the kobold zombie!
You bite the kobold zombie.
You destroy the kobold zombie!
A hobgoblin zombie comes into view.
You reach to attack!
You hit the orc zombie.
The orc zombie is moderately damaged.
You reach to attack!
You puncture the orc zombie!
You destroy the orc zombie!
You reach to attack!
You barely miss the kobold skeleton. You hit the kobold skeleton.
The kobold skeleton is moderately damaged.
The kobold skeleton closely misses you.
You hit the kobold skeleton. You bite the kobold skeleton.
The kobold skeleton is almost destroyed.
The kobold skeleton hits you but does no damage.
You puncture the kobold skeleton!
You destroy the kobold skeleton!
You puncture the goblin zombie!
You destroy the goblin zombie!
You hit the hobgoblin zombie.
The hobgoblin zombie is severely damaged.
The hobgoblin zombie barely misses you.
You puncture the hobgoblin zombie!
You destroy the hobgoblin zombie!
An orc zombie and a white imp come into view.
Found a glowing golden altar of the Shining One.
The white imp shouts, "Away with thee, thou errant sow-suckled dewberry!"
A hobgoblin zombie comes into view.
The white imp moves out of view.
You hit the kobold skeleton.
The kobold skeleton is severely damaged.
The kobold skeleton hits you.
You puncture the kobold skeleton!
You destroy the kobold skeleton!
You puncture the orc zombie!
You destroy the orc zombie!
You puncture the white imp!
The white imp is severely wounded.
The white imp closely misses you.
You completely miss the white imp.
The white imp is severely wounded.
The hobgoblin zombie misses you. The white imp barely misses you.
You barely miss the white imp.
The white imp is severely wounded.
The white imp barely misses you.
The hobgoblin zombie completely misses you.
The goblin skeleton hits you but does no damage.
A goblin zombie comes into view.
You hit the white imp.
You kill the white imp!
The hobgoblin zombie barely misses you. The goblin skeleton barely misses you.
You puncture the goblin skeleton!
You destroy the goblin skeleton!
The hobgoblin zombie closely misses you.
You hit the hobgoblin zombie. You bite the hobgoblin zombie.
The hobgoblin zombie is severely damaged.
The hobgoblin zombie barely misses you.
You barely miss the hobgoblin zombie.
The hobgoblin zombie is severely damaged.
The hobgoblin zombie hits you but does no damage.
You hit the hobgoblin zombie.
You destroy the hobgoblin zombie!
You reach to attack!
You puncture the goblin zombie!
You destroy the goblin zombie!
No target in view!
No target in view!
No target in view!
No target in view!
No target in view!
No target in view!
No target in view!
No target in view!
No target in view!
No target in view!
No target in view!
No target in view!
No target in view!
A hobgoblin zombie comes into view.
The hobgoblin zombie moves out of view.
q - 2 clear potions (gained 1)
Found a ring mail.
A ball python comes into view.
The ball python misses you. The ball python grabs you.
The ball python constricts you.
You puncture the ball python!
You kill the ball python!
No target in view!
No target in view!
An iguana comes into view.
You see here a ball python corpse.
An iguana is nearby!
An iguana is nearby!
You reach to attack!
You barely miss the iguana. You closely miss the iguana.
The iguana hisses menacingly.
The iguana closely misses you.
You puncture the iguana! Your bite misses the iguana.
The iguana is heavily wounded.
The iguana barely misses you.
You closely miss the iguana.
The iguana is heavily wounded.
The iguana closely misses you.
You puncture the iguana!
You kill the iguana!
No target in view!
No target in view!
No target in view!
No target in view!
No target in view!
No target in view!
No target in view!
No target in view!
No target in view!
No target in view!
No target in view!
No target in view!
No target in view!
No target in view!
No target in view!
No target in view!
No target in view!
No target in view!
You see here an iguana corpse.
A gnoll comes into view. It is wielding a +0 spear.
A gnoll is nearby!
A gnoll is nearby!
A gnoll comes into view. It is wielding a +0 club.
You reach to attack!
The helpless gnoll fails to defend itself.
You hit the gnoll.
The gnoll is poisoned.
The gnoll is heavily wounded.
The gnoll barely misses you.
You reach to attack!
You closely miss the gnoll.
The gnoll is heavily wounded.
The gnoll hits you but does no damage.
You reach to attack!
You puncture the gnoll!
You kill the gnoll!
A gnoll comes into view. It is wielding a +0 spear.
The gnoll shouts! x2
You reach to attack!
You puncture the gnoll!
You kill the gnoll!
You reach to attack!
You hit the gnoll.
The gnoll is poisoned.
The gnoll is lightly wounded.
The gnoll hits you but does no damage.
You reach to attack!
You hit the gnoll.
The gnoll looks as sick as possible!
The gnoll is heavily wounded.
The gnoll misses you. x2
You reach to attack!
You puncture the gnoll!
You kill the gnoll!
Your Stealth skill increases to level 5!
No target in view!
Things that are here:
a +0 spear; a +0 club; a gnoll corpse
Found a scale mail.
A hobgoblin zombie is nearby!
A hobgoblin zombie is nearby!
You reach to attack!
You puncture the hobgoblin zombie!
You destroy the hobgoblin zombie!
No target in view!
No target in view!
No target in view!
No target in view!
e - 3 scrolls labelled DOQUFAGIAF (gained 1)
An endoplasm comes into view.
An endoplasm is nearby!
An endoplasm is nearby!
An endoplasm is nearby!
You reach to attack!
You puncture the endoplasm!
You kill the endoplasm!
No target in view!
No target in view!
No target in view!
No target in view!
No target in view!
No target in view!
No target in view!
No target in view!
You see here a +0 hand axe.
Done exploring.
Done exploring.
Done exploring.
There is a stone staircase leading down here.
You climb downwards.
Found a flux talisman.
There is a stone staircase leading up here.
There is a stone staircase leading up here.
Found a stone staircase leading down.
You now have 224 gold pieces (gained 9).
Found 9 stones.
e - 4 scrolls labelled DOQUFAGIAF (gained 1)
m - 5 lumpy cyan potions (gained 2)
You pick up a book of Iron and begin reading...
You add the spells Summon Lightning Spire, Animate Armour and Lee's Rapid Deconstruction to your library.
An ice beast comes into view.
You reach to attack!
You barely miss the ice beast. You closely miss the ice beast.
The ice beast hits you but does no damage.
You puncture the ice beast!
The ice beast is poisoned.
The ice beast is heavily wounded.
The ice beast hits you but does no damage.
You puncture the ice beast!
The ice beast looks as sick as possible!
The ice beast is almost dead.
You kill the ice beast!
Your Invocations skill increases to level 3!
No target in view!
No target in view!
Found a stone staircase leading up.
An orc priest comes into view. It is wielding a +0 mace.
An orc priest is nearby!
Found a silvery potion. 2 orcs come into view.
You see here a ring of protection from cold.
An orc wizard comes into view. It is wielding a +0 dagger.
The orc wizard shouts!
The orc shouts! x2; You hear a shout!
The orc priest shouts!
An orc comes into view. It is wielding a +0 short sword.
Found a book of Blood.
The orc throws a boomerang.
The boomerang hits you but does no damage.
The orc wizard curses loudly.
The orc wizard mumbles some strange words.
The orc wizard flickers and vanishes!
Deactivating autopickup; reactivate with Ctrl-A.
The orc priest mumbles some strange prayers to Beogh against you.
Beogh smites you!
You reach to attack!
You hit the orc priest.
The orc priest is lightly wounded.
The orc throws a boomerang.
The boomerang misses you.
You puncture the orc priest!
The orc priest is poisoned.
The orc priest is severely wounded.
The orc misses you. The orc priest hits you with a +0 mace.
The orc hits you with a +0 club. Something hits you.
The orc hits you with a +0 club.
You barely miss the orc priest.
The orc priest is severely wounded.
The orc hits you but does no damage.
The orc priest looks braver for a moment.
Something hits you but does no damage. The orc hits you but does no damage.
The orc hits you with a +0 short sword.
You barely miss the orc priest.
The orc priest is almost dead.
Something hits you but does no damage. The orc barely misses you.
The orc closely misses you. The orc hits you with a +0 short sword.
The orc priest closely misses you.
The orc priest threatens, "Beogh's wrath is as vast as their mercy.
Make your choice!" (press Y on the ability menu to convert to Beogh)
You barely miss the orc priest. Your bite misses the orc priest.
The orc priest is almost dead.
The orc priest shouts, "The Pantheon deserves no one's loyalty.
Let us show you the true path!" The orc hits you with a +0 club.
Something hits you but does no damage. The orc hits you with a +0 club.
The orc priest hits you with a +0 mace.
* * * LOW HITPOINT WARNING * * *
The orc hits you with a +0 short sword.
* * * LOW HITPOINT WARNING * * *
The orc hits you with a +0 club.
* * * LOW HITPOINT WARNING * * *
Okay, then.
Okay, then.
It was a potion of might.
You feel very mighty all of a sudden. Something hits you but does no damage.
The orc hits you but does no damage. The orc priest hits you with a +0 mace.
* * * LOW HITPOINT WARNING * * *
You barely miss the orc. Something hits you but does no damage.
The orc closely misses you. The orc hits you with a +0 club.
* * * LOW HITPOINT WARNING * * *
The orc closely misses you. The orc priest hits you with a +0 mace.
* * * LOW HITPOINT WARNING * * *
You puncture the orc!
You kill the orc!
Something hits you but does no damage. The orc hits you with a +0 club.
* * * LOW HITPOINT WARNING * * *
The orc misses you. The orc priest hits you with a +0 mace.
* * * LOW HITPOINT WARNING * * *
You puncture the orc!
You kill the orc!
You kill the orc priest!
Something barely misses you. The orc misses you.
You closely miss the orc. Your bite misses the orc. Something hits you.
* * * LOW HITPOINT WARNING * * *
The orc closely misses you.
You barely miss the orc. Something hits you.
* * * LOW HITPOINT WARNING * * *
The orc hits you but does no damage.
You puncture the orc!
You kill the orc!
You hear some strange, mumbled words.
A magic dart appears from out of thin air!
The magic dart hits you.
* * * LOW HITPOINT WARNING * * *
You hear some strange, mumbled words.
A puff of flame appears from out of thin air!
The puff of flame misses you.
It was a potion of mutation.
You feel extremely strange.
Your body twists and deforms.
Your feet thicken and deform.
You hear some strange, mumbled words.
A magic dart appears from out of thin air!
The magic dart hits you.
You die...

#.............#
................
#..............:
#...............
........!....... ..
#.............# #.. ..
#..............#### #..
...#....)){..........# #..
...#....)@)..........# +..
.....................# #..
...#.##.=............###..
...#....###....#..........
........###....#.......... .
...#...........#..........
.... #...........+..........
.....#...........#..........
.................+..........


There were no monsters in sight!

Vanquished Creatures
  A black bear (D:4)
  An ice beast (D:5)
  An ogre (D:4)
  A phantom (D:4)
  A scorpion (D:4)
  2 orc priests
  2 iguanas (D:4)
  2 orc wizards (D:4)
  5 gnolls
  2 adders
  A white imp (D:4)
  5 dart slugs
  3 ribbon worms
  8 orcs
  5 ball pythons
  10 endoplasms
  4 giant cockroaches
  4 goblins
  3 hobgoblins
  2 kobolds
  3 quokkas
  6 bats
  3 frilled lizards
  2 goblin skeletons (D:4)
  2 goblin zombies (D:4)
  3 hobgoblin zombies (D:4)
  2 kobold skeletons (D:4)
  A kobold zombie (D:4)
  2 orc zombies (D:4)
  8 rats
95 creatures vanquished.

Notes
Turn   | Place    | Note
-------+----------+-------------------------------------------
     0 | D:1      | sleeves the Gnoll Hedge Wizard began the quest for the Orb.
     0 | D:1      | Reached XP level 1. HP: 13/13 MP: 8/8
   144 | D:1      | HP: 6/13 [hobgoblin (4)]
   371 | D:1      | Reached skill level 2 in Conjurations
   371 | D:1      | Reached skill level 2 in Summonings
   371 | D:1      | Reached skill level 2 in Translocations
   489 | D:1      | Reached XP level 2. HP: 20/20 MP: 5/10
   818 | D:1      | Found a faded altar of an unknown god.
  1209 | D:2      | Reached XP level 3. HP: 25/25 MP: 5/11
  1652 | D:2      | Reached skill level 1 in Invocations
  1888 | D:2      | Reached skill level 1 in Fighting
  1888 | D:2      | Reached skill level 1 in Short Blades
  1888 | D:2      | Reached skill level 1 in Long Blades
  1888 | D:2      | Reached skill level 1 in Axes
  1888 | D:2      | Reached skill level 1 in Maces & Flails
  1888 | D:2      | Reached skill level 1 in Polearms
  1888 | D:2      | Reached skill level 1 in Staves
  1888 | D:2      | Reached skill level 1 in Ranged Weapons
  1888 | D:2      | Reached skill level 1 in Throwing
  1888 | D:2      | Reached skill level 1 in Armour
  1888 | D:2      | Reached skill level 1 in Shields
  1888 | D:2      | Reached skill level 1 in Unarmed Combat
  1888 | D:2      | Reached skill level 1 in Evocations
  1899 | D:2      | HP: 13/26 [quokka (4)]
  1916 | D:1      | HP: 13/26 [quokka (2)]
  2132 | D:2      | Reached skill level 1 in Shapeshifting
  2132 | D:2      | Reached XP level 4. HP: 23/32 MP: 4/13
  2547 | D:3      | Reached skill level 1 in Hexes
  2547 | D:3      | Reached skill level 1 in Necromancy
  2547 | D:3      | Reached skill level 1 in Fire Magic
  2547 | D:3      | Reached skill level 1 in Ice Magic
  2547 | D:3      | Reached skill level 1 in Air Magic
  2547 | D:3      | Reached skill level 1 in Earth Magic
  2547 | D:3      | Reached skill level 1 in Alchemy
  2815 | D:3      | Identified the +1 pair of gloves "Pynes" {^Drain rN+ Str+5}
  2916 | D:3      | Found a radiant altar of Vehumet.
  3480 | D:4      | Reached XP level 5. HP: 37/37 MP: 10/14
  3689 | D:4      | Noticed a black bear
  3695 | D:4      | Killed a black bear
  3696 | D:4      | Reached skill level 2 in Invocations
  3696 | D:4      | Reached XP level 6. HP: 44/44 MP: 10/16
  3803 | D:4      | Reached skill level 2 in Fighting
  3803 | D:4      | Reached skill level 2 in Short Blades
  3803 | D:4      | Reached skill level 2 in Long Blades
  3803 | D:4      | Reached skill level 2 in Axes
  3803 | D:4      | Reached skill level 2 in Maces & Flails
  3803 | D:4      | Reached skill level 2 in Polearms
  3803 | D:4      | Reached skill level 2 in Staves
  3803 | D:4      | Reached skill level 2 in Ranged Weapons
  3803 | D:4      | Reached skill level 2 in Throwing
  3803 | D:4      | Reached skill level 2 in Armour
  3803 | D:4      | Reached skill level 5 in Dodging
  3803 | D:4      | Reached skill level 2 in Shields
  3803 | D:4      | Reached skill level 2 in Unarmed Combat
  3803 | D:4      | Reached skill level 2 in Evocations
  3860 | D:4      | Reached skill level 2 in Shapeshifting
  3866 | D:4      | Reached XP level 7. HP: 26/51 MP: 2/18
  3866 | D:4      | HP: 24/51 [poisoned by a scorpion]
  3871 | D:4      | HP: 21/51 [poisoned by a scorpion]
  4093 | D:4      | HP: 24/51 [orc/+0 short sword (4)]
  4094 | D:4      | Reached skill level 2 in Hexes
  4094 | D:4      | Reached skill level 2 in Necromancy
  4094 | D:4      | Reached skill level 2 in Fire Magic
  4094 | D:4      | Reached skill level 2 in Ice Magic
  4094 | D:4      | Reached skill level 2 in Air Magic
  4094 | D:4      | Reached skill level 2 in Earth Magic
  4094 | D:4      | Reached skill level 2 in Alchemy
  4362 | D:4      | Reached skill level 3 in Conjurations
  4362 | D:4      | Reached skill level 3 in Summonings
  4362 | D:4      | Reached skill level 3 in Translocations
  4539 | D:4      | Found the +8 trident of the Octopus King {venom, rElec
                  | rPois}
  4578 | D:4      | Found a glowing golden altar of the Shining One.
  4656 | D:4      | Reached skill level 5 in Stealth
  4849 | D:5      | Entered Level 5 of the Dungeon
  4941 | D:5      | Reached skill level 3 in Invocations
  4961 | D:5      | HP: 23/51 [orc priest/+0 mace (5)]
  4965 | D:5      | HP: 11/51 [orc/+0 club (1)]
  4969 | D:5      | HP: 1/51 [something/magic dart (6)]
  4970 | D:5      | Gained mutation: Armour fits poorly on your strangely
                  | shaped body. [potion of mutation]
  4970 | D:5      | Gained mutation: You have large cloven feet. [potion of
                  | mutation]
  4970 | D:5      | Killed from afar by an orc wizard

Illustrated notes

Levels and vault maps discovered:
D:1:      matt_arrival_los_fun, layout_basic,
          dreamdust_ecumenical_altar_hidden_monk_grotto
D:2:      layout_rooms, serial_forest, infiniplex_forest_lined_3,
          infiniplex_forest_lined_2, infiniplex_forest_clump_small,
          infiniplex_forest_clump_small, chequers_serial_rivers_room_a
D:3:      layout_basic, nicolae_vehumet_altar_sigil
D:4:      layout_loops_cross, nicolae_tso_besieged_by_evil
D:5:      layout_basic

Skill      XL: |  1  2  3  4  5  6  7 |
---------------+----------------------+-----
Conjurations   | 2 3 |  3.1
Summonings     | 2 3 |  3.1
Translocations | 2 3 |  3.1
Invocations    | 1 2 3 |  3.1
Fighting       | 1 2 |  2.8
Short Blades   | 1 2 |  2.8
Long Blades    | 1 2 |  2.8
Axes           | 1 2 |  2.8
Maces & Flails | 1 2 |  2.8
Polearms       | 1 2 |  2.8
Staves         | 1 2 |  2.8
Ranged Weapons | 1 2 |  2.8
Throwing       | 1 2 |  2.8
Armour         | 1 2 |  2.8
Shields        | 1 2 |  2.8
Unarmed Combat | 1 2 |  2.8
Evocations     | 1 2 |  2.8
Shapeshifting  | 1 2 |  2.5
Hexes          | 1 2 |  2.2
Necromancy     | 1 2 |  2.2
Fire Magic     | 1 2 |  2.2
Ice Magic      | 1 2 |  2.2
Air Magic      | 1 2 |  2.2
Earth Magic    | 1 2 |  2.2
Alchemy        | 1 2 |  2.2
Dodging        | 5 |  5.4
Stealth        | 5 |  5.1
Spellcasting   | |  7.7

Action                     |  1- 3 |  4- 6 |  7- 9 || total
---------------------------+-------+-------+-------++-------
  Melee: Dagger            |       |     3 |       ||     3
         Trident           |       |       |    53 ||    53
         Short sword       |       |       |    20 ||    20
         Bite              |       |       |     7 ||     7
  Throw: Dart              |       |     5 |     2 ||     7
   Cast: Magic Dart        |   114 |   108 |    30 ||   252
    Use: Potion            |       |       |     2 ||     2
   Stab: Sleeping          |       |     1 |     1 ||     2
 Armour: Robe              |    14 |    22 |    64 ||   100
  Dodge: Dodged            |    23 |    23 |    46 ||    92

Table legend: (Time is in decaauts)
 A = Elapsed time spent in this place.
 B = Non-inter-level travel time spent in this place.
 C = Inter-level travel time spent in this place.
 D = Time resting spent in this place.
 E = Time spent auto-exploring this place.
 F = Levels seen in this place.
 G = Mean time per level.
                   A        B        C        D        E       F      G
               +--------+--------+--------+--------+--------+-----+--------+
         Total |   4978 |   4667 |    311 |    229 |   3714 |   5 |  995.6 |
       Dungeon |   4978 |   4667 |    311 |    229 |   3714 |   5 |  995.6 |
               +--------+--------+--------+--------+--------+-----+--------+

Top non-repeatable levels by time:
     D:4: 1308 daAuts
     D:1: 1290 daAuts
     D:3: 1148 daAuts
     D:2: 1109 daAuts
     D:5: 122 daAuts
